 Dungeon Crawl Stone Soup version 0.27-a0-686-gaed091b46b (webtiles) character file.

Game seed: 9313648319136208793

130 EnegeticOcto the Slinger (level 5, 0/34 HPs)
             Began as a Halfling Hunter on Mar 21, 2021.
             Shot with an arrow by a centaur (9 damage)
             ... on level 6 of the Dungeon.
             The game lasted 00:03:42 (750 turns).

EnegeticOcto the Slinger (Halfling Hunter)           Turns: 750, Time: 00:03:43

Health: 0/34       AC: 10    Str: 13    XL:     5   Next: 36%
Magic:  5/5        EV:  8    Int: 10    God:
Gold:   20         SH:  0    Dex: 15    Spells: 4/4 levels left

rFire    . . .     SeeInvis .   i - +4 dagger (venom)
rCold    . . .     Faith    .   (shield restricted)
rNeg     . . .     Spirit   .   e - +0 chain mail
rPois    .         Reflect  .   (no helmet)
rElec    .         Harm     .   (no cloak)
rCorr    .         Rampage  .   j - +0 pair of gloves
Will     .....                  g - +0 pair of boots
Stlth    ..........             (no amulet)
HPRegen  0.11/turn              (no ring)
MPRegen  0.09/turn              (no ring)

@: no status effects
A: small, no large weapons, mutation resistance 1
a: no special abilities


You were on level 6 of the Dungeon.
You visited 1 branch of the dungeon, and saw 5 of its levels.

You collected 20 gold pieces.

Inventory:

Hand Weapons
 a - a +1 hunting sling
 b - a +0 short sword
 i - a +4 dagger of venom (weapon)
   (You found it on level 2 of the Dungeon)
Missiles
 d - 17 sling bullets
 k - 44 stones (quivered)
Armour
 c - a +0 leather armour
 e - a +0 chain mail (worn)
   (You found it on level 1 of the Dungeon)
 g - a +0 pair of boots (worn)
   (You found it on level 2 of the Dungeon)
 j - a +0 pair of gloves (worn)
   (You found it on level 2 of the Dungeon)
Scrolls
 f - 3 scrolls of identify {unknown}
 h - a scroll of vulnerability {unknown}


   Skills:
 + Level 1.7 Fighting
 * Level 0.0 Short Blades
 - Level 9.1 Slings
 - Level 2.1 Dodging
 - Level 1.1 Stealth


You had 4 spell levels left.
You didn't know any spells.
Your spell library was empty.

Dungeon Overview and Level Annotations

Branches:
Dungeon (4/15)
 Temple: D:4-7

Altars:
Trog

Shops:
D:4 [


Innate Abilities, Weirdness & Mutations

You are small and have problems with some larger weapons.
You are somewhat resistant to further mutation.


Message History

The gnoll shouts!
A gnoll comes into view. It is wielding a +0 flail.
The gnoll shouts!
A gnoll comes into view. It is wielding a +0 spear.
Found Yghen's Antique Armour Shop.
You hit the gnoll.
The gnoll is poisoned.
The gnoll is moderately wounded.
The gnoll hits you with a +0 club.
You hit the gnoll.
The gnoll looks as sick as possible!
The gnoll is severely wounded.
The gnoll hits you but does no damage.
You hit the gnoll.
The gnoll is poisoned.
The gnoll is lightly wounded.
You kill the gnoll!
The gnoll hits you with a +0 spear.
You have reached level 4!
You are too injured to fight recklessly!
You are too injured to fight recklessly!
You are too injured to fight recklessly!
You hit the gnoll.
The gnoll looks as sick as possible!
The gnoll is moderately wounded.
The gnoll hits you but does no damage.
You hit the gnoll.
The gnoll is severely wounded.
The gnoll completely misses you.
You hit the gnoll.
You kill the gnoll!
Your Slings skill increases to level 8!
You closely miss the gnoll. The gnoll hits you but does no damage.
You completely miss the gnoll. The gnoll barely misses you.
You closely miss the gnoll. The gnoll hits you but does no damage.
You closely miss the gnoll. The gnoll barely misses you.
You hit the gnoll.
The gnoll is poisoned.
The gnoll is lightly wounded.
The gnoll hits you with a +0 flail.
You barely miss the gnoll.
The gnoll is lightly wounded.
The gnoll hits you with a +0 flail.
You hit the gnoll.
The gnoll looks even sicker.
The gnoll is lightly wounded.
The gnoll barely misses you.
An iguana comes into view.
Found a dagger.
You hit the gnoll.
You kill the gnoll!
There is an entrance to Yghen's Antique Armour Shop here.
You hit the iguana.
The iguana is poisoned.
The iguana is lightly wounded.
The iguana bites you!
* * * LOW HITPOINT WARNING * * *
You puncture the iguana!
The iguana looks as sick as possible!
The iguana is heavily wounded.
The iguana closely misses you.
You hit the iguana.
The iguana looks as sick as possible!
The iguana is almost dead.
You kill the iguana!
You have reached level 5!
You feel agile.
Things that are here:
a +0 flail; a gnoll corpse
Things that are here:
a +0 spear; a gnoll corpse You see here a +0 club.
A quokka comes into view.
The quokka bites you.
* * * LOW HITPOINT WARNING * * *
You hit the quokka.
You kill the quokka!
You fall into a shaft and drop 2 floors!
The shaft crumbles and collapses.
Found a chain mail.
A centaur skeleton comes into view.
You puncture the centaur skeleton!
The centaur skeleton is moderately damaged.
The centaur skeleton barely misses you.
You hit the centaur skeleton.
The centaur skeleton is heavily damaged.
The centaur skeleton hits you but does no damage.
You hit the centaur skeleton.
The centaur skeleton is severely damaged.
The centaur skeleton barely misses you.
You hit the centaur skeleton.
The centaur skeleton is almost destroyed.
The centaur skeleton barely misses you.
The centaur skeleton hits you but does no damage.
You hit the centaur skeleton.
The centaur skeleton is almost destroyed.
The centaur skeleton hits you but does no damage.
You puncture the centaur skeleton!
You destroy the centaur skeleton!
Your Slings skill increases to level 9!
You see here a +0 chain mail.
A centaur comes into view.
The centaur shouts!
The centaur wields a +0 shortbow.
The centaur shoots an arrow.
The arrow barely misses you.
The centaur shoots an arrow.
The arrow hits you.
* * * LOW HITPOINT WARNING * * *
The centaur shoots an arrow.
The arrow hits you!
You die...

#..........
#..######..
#..# .
#[.######..
####..........
##..........#..
#...#..##......
##.#.........#
.........@....#
####.###.##...#
#. #.# ...# #
#.# ..# #.. ...
... ## .c..
####


You could see a centaur.

Vanquished Creatures
  A centaur skeleton (D:6)
  An iguana (D:4)
  3 gnolls (D:4)
  3 adders
  A dart slug (D:2)
  A giant cockroach (D:1)
  2 goblins (D:1)
  3 jackals (D:2)
  A quokka (D:4)
  3 bats
  4 frilled lizards (D:2)
  A kobold (D:2)
24 creatures vanquished.

Notes
Turn   | Place    | Note
-------+----------+-------------------------------------------
     0 | D:1      | EnegeticOcto the Halfling Hunter began the quest for the
                  | Orb.
     0 | D:1      | Reached XP level 1. HP: 14/14 MP: 1/1
    16 | D:1      | Reached skill level 6 in Slings
    87 | D:2      | Reached XP level 2. HP: 19/19 MP: 2/2
   441 | D:2      | Reached skill level 7 in Slings
   441 | D:2      | Reached XP level 3. HP: 18/24 MP: 3/3
   659 | D:4      | Found a bloodstained altar of Trog.
   684 | D:4      | Found Yghen's Antique Armour Shop.
   692 | D:4      | Reached XP level 4. HP: 17/29 MP: 4/4
   695 | D:4      | Reached skill level 8 in Slings
   713 | D:4      | Reached XP level 5. HP: 9/34 MP: 5/5
   735 | D:4      | You fall into a shaft and drop 2 floors!
   742 | D:6      | Reached skill level 9 in Slings
   748 | D:6      | Noticed a centaur
   750 | D:6      | Shot with an arrow by a centaur

Illustrated notes

Levels and vault maps discovered:
D:1:      minmay_arrival_stone_box, layout_loops_corners,
          hangedman_decor_growths, minmay_strange_pillars
D:2:      layout_loops_cross, serial_aquarium, aquarium_bridge_long_separate
          [aquarium_subvault_bridge, aquarium_subvault_window,
          aquarium_subvault_bridge, aquarium_subvault_balcony,
          aquarium_subvault_window, aquarium_subvault_bridge],
          aquarium_window_fake, aquarium_window_corridor_2,
          aquarium_window_fake, aquarium_window_1, aquarium_view_2d,
          minmay_unequal
D:3:      layout_loops_ring
D:4:      layout_gridville, nicolae_overflow_crystal_walls,
          minmay_temple_entry_ruins, serial_shops, shop, uniq_edmund
D:6:      layout_loops_ring, grunt_temple_overflow_open,
          amcnicky_mini_pool_small

Skill      XL: |  1  2  3  4  5 |
---------------+----------------+-----
Slings         | 6 7 8 9 |  9.1
Fighting       | |  1.7
Dodging        | |  2.1
Stealth        | |  1.1

Action                   |  1- 3 |  4- 6 || total
-------------------------+-------+-------++-------
Melee: Dagger            |    30 |    21 ||    51
 Fire: Hunting sling     |    28 |       ||    28
Armor: Chain mail        |    27 |     6 ||    33
Dodge: Dodged            |    17 |     9 ||    26

Table legend: (Time is in decaauts)
 A = Elapsed time spent in this place.
 B = Non-inter-level travel time spent in this place.
 C = Inter-level travel time spent in this place.
 D = Time resting spent in this place.
 E = Time spent auto-exploring this place.
 F = Levels seen in this place.
 G = Mean time per level.
                   A        B        C        D        E       F      G
               +--------+--------+--------+--------+--------+-----+--------+
         Total |    748 |    733 |     15 |      0 |      0 |   5 |  149.6 |
       Dungeon |    748 |    733 |     15 |      0 |      0 |   5 |  149.6 |
               +--------+--------+--------+--------+--------+-----+--------+

Top non-repeatable levels by time:
     D:2: 438 daAuts
     D:3: 114 daAuts
     D:1: 92 daAuts
     D:4: 87 daAuts
     D:6: 14 daAuts
